 Dungeon Crawl Stone Soup version 0.30-a0-1043-g60ff8d5f49 (webtiles) character file.

Game seed: 14566055202588126391

865 funkygono the Chopper (level 7, -4/61 HPs)
             Began as a Minotaur Fighter on Apr 10, 2023.
             Killed from afar by an oklob plant (7 damage)
             ... with a splash of acid
             ... on level 5 of the Dungeon.
             The game lasted 00:08:17 (3716 turns).

funkygono the Chopper (Minotaur Fighter)            Turns: 3716, Time: 00:08:18

Health: -4/61      AC:  5    Str: 23    XL:     7   Next: 72%
Magic:  6/6        EV:  8    Int:  5    God:
Gold:   117        SH:  4    Dex:  9    Spells: 6/6 levels left

rFire   + . .      SeeInvis .    a - +0 war axe
rCold   . . .      Faith    .    c - +0 buckler
rNeg    . . .      Spirit   .    v - +0 chain mail
rPois   .          Reflect  .    (helmet restricted)
rElec   .          Rampage  .    E - +0 cloak
rCorr   .                        (no gloves)
Will    .....                    p - +1 pair of boots Stlth
                                 (no amulet)
HPRegen 0.30/turn                f - ring of protection from fire
MPRegen 0.10/turn                g - ring of flight

@: corroded, flying
A: horns 2, retaliatory headbutt
a: no special abilities


You were on level 5 of the Dungeon.
You visited 1 branch of the dungeon, and saw 5 of its levels.
You also visited: Sewer.

You collected 184 gold pieces.
You spent 67 gold pieces at shops.

Inventory:

Hand Weapons
 a - a +0 war axe (weapon)
Missiles
 w - 12 poisoned darts (quivered)
 x - 4 curare-tipped darts
 y - 10 boomerangs
Armour
 c - a +0 buckler (worn)
 p - a +1 pair of boots (worn)
 v - a +0 chain mail (worn)
 E - a +0 cloak (worn)
Jewellery
 f - a ring of protection from fire (left hand)
 g - a ring of flight (right hand)
 j - a ring of poison resistance
 o - a ring of see invisible
Wands
 r - a wand of paralysis (10)
Scrolls
 b - a scroll of amnesia
 e - 3 scrolls of teleportation
 u - a scroll of enchant weapon {unknown}
 A - 2 scrolls of blinking
 B - a scroll of enchant armour
 C - a scroll of fog {unknown}
 D - a scroll of identify
Potions
 d - 2 potions of might
 h - a potion of ambrosia
 i - a potion of cancellation {unknown}
 k - 2 potions of magic
 l - 2 potions of lignification
 m - 3 potions of heal wounds
 n - a potion of berserk rage {unknown}
 q - 3 potions of curing
 s - a potion of degeneration {unknown}
 t - a potion of haste {unknown}
 z - a potion of mutation {unknown}


   Skills:
 + Level 5.4 Fighting
 + Level 7.8 Axes
 + Level 5.6 Armour
 + Level 2.3 Dodging
 + Level 0.2 Stealth
 + Level 4.6 Shields


You had 6 spell levels left.
You didn't know any spells.
Your spell library contained the following spells:

 Spells                   Type           Power      Damage    Failure   Level
 Chain Lightning          Conj/Air       0%         N/A       100%        9
 Fire Storm               Conj/Fire      0%         5d1       100%        9
 Shatter                  Erth           0%         3d5*      100%        9


Dungeon Overview and Level Annotations

Branches:
Dungeon (5/15)              Sewer (visited)
 Temple: D:4-7

Altars:
Fedhas
Sif Muna
Trog

Shops:
D:5 [

Annotations:
D:5 exclusion: oklob plant


Innate Abilities, Weirdness & Mutations

You have a pair of horns on your head.
You reflexively headbutt those who attack you in melee.


Message History

Really fly into a travel-excluded area?
Uppercase [Y]es or [N]o only, please.
Really fly into a travel-excluded area? [Y]es or [N]o only, please.
Really fly into a travel-excluded area?
Okay, then.
Really fly into a travel-excluded area?
Uppercase [Y]es or [N]o only, please.
Really fly into a travel-excluded area?
The oklob plant spits acid at you. The splash of acid hits you!!
The acid corrodes you! The oklob plant spits acid at you.
The splash of acid hits you!!
* * * LOW HITPOINT WARNING * * *
The acid corrodes you!
You hit the oklob plant but do no damage.
You hit the oklob plant but do no damage.
You slash the oklob plant!
The oklob plant is lightly damaged.
You hit the oklob plant but do no damage.
You headbutt the oklob plant, but do no damage.
The oklob plant is lightly damaged.
You hit the oklob plant. You headbutt the oklob plant.
The oklob plant is lightly damaged.
You slash the oklob plant!
You headbutt the oklob plant, but do no damage.
The oklob plant is moderately damaged.
You hit the oklob plant.
The oklob plant is moderately damaged.
The oklob plant spits acid at you. The splash of acid hits you!!
* * * LOW HITPOINT WARNING * * *
You hit the oklob plant but do no damage.
The oklob plant is moderately damaged.
You slash the oklob plant!
You headbutt the oklob plant, but do no damage.
The oklob plant is heavily damaged.
The oklob plant spits acid at you. The splash of acid hits you!
You die...

..#......._.~≈≈~...
##PPP.~~~~...≈≈≈~.##
#PP##.≈≈≈~~~~≈≈≈≈..♣
#♣PP♣..≈~≈≈≈≈≈~~..#P
#PPPPP..~~~≈≈≈~..PPP
#PP.PP...~≈≈~~..PP#♣
#PP.P.#.........#P♣
#........PP#P.♣.PP.#
##P@......P♣♣P♣PPPPP
♣.#....PP♣PPPP♣P♣PP


##PPPPP#P.PPPP#P#♣P ############## You could see an oklob plant.

Vanquished Creatures
  Sigmund (D:3)
  An ice beast (D:5)
  An ogre (D:4)
  A phantom (D:4)
  2 scorpions
  2 orc priests (D:4)
  An iguana (D:5)
  3 gnolls (D:2)
  3 river rats
  9 adders
  A shadow imp (D:5)
  4 worms
  3 dart slugs
  5 orcs
  11 endoplasms
  2 giant cockroaches
  4 goblins
  7 hobgoblins
  A jackal (D:4)
  6 kobolds
  3 quokkas
  5 ball pythons
  5 bats
  7 frilled lizards (Sewer)
  19 rats
107 creatures vanquished.

Vanquished Creatures (others)
  5 fungi (D:5)
  8 plants (D:5)
  8 toadstools (D:5)
21 creatures vanquished.

Grand Total: 128 creatures vanquished

Notes
Turn   | Place    | Note
-------+----------+-------------------------------------------
     0 | D:1      | funkygono the Minotaur Fighter began the quest for the Orb.
     0 | D:1      | Reached XP level 1. HP: 19/19 MP: 0/0
   181 | D:1      | Reached XP level 2. HP: 24/27 MP: 1/1
   404 | D:1      | You are sucked into a shaft and drop 1 floor!
   432 | D:1      | Reached skill level 3 in Axes
   837 | D:2      | Reached XP level 3. HP: 28/33 MP: 2/2
  1217 | D:2      | Reached skill level 4 in Axes
  1217 | D:2      | Reached XP level 4. HP: 9/40 MP: 3/3
  1522 | D:3      | Reached skill level 1 in Dodging
  1522 | D:3      | Found a glowing drain.
  1592 | Sewer    | Entered a sewer
  1669 | Sewer    | Reached XP level 5. HP: 46/46 MP: 4/4
  1986 | D:3      | Noticed Sigmund
  2040 | D:3      | Killed Sigmund
  2041 | D:3      | Reached skill level 5 in Axes
  2041 | D:3      | Reached skill level 5 in Armour
  2041 | D:3      | Reached XP level 6. HP: 53/53 MP: 5/5
  2226 | D:3      | Found a shimmering blue altar of Sif Muna.
  2538 | D:4      | Reached skill level 6 in Axes
  2735 | D:4      | Found a bloodstained altar of Trog.
  2749 | D:4      | Reached XP level 7. HP: 60/60 MP: 6/6
  2959 | D:4      | Reached skill level 5 in Fighting
  2959 | D:4      | Reached skill level 7 in Axes
  3036 | D:5      | Entered Level 5 of the Dungeon
  3370 | D:5      | Found Xizira Goykh's Armour Shop.
  3380 | D:5      | Bought a +0 cloak for 67 gold pieces
  3397 | D:5      | Found a blossoming altar of Fedhas.
  3407 | D:5      | Noticed an oklob plant
  3714 | D:5      | HP: 3/61 [oklob plant/splash of acid (18)]
  3716 | D:5      | Killed from afar by an oklob plant

Illustrated notes

Levels and vault maps discovered:
D:1:      mushboom_english_gardens, layout_basic
D:2:      minmay_general_purpose_star, layout_basic
D:3:      layout_rooms, marbit_many_paths, cheibrodos_sewer_entry_sluice,
          uniq_sigmund
D:4:      layout_rooms, mainiacjoe_overflow_concentric_impassable,
          grunt_ministairs_11, minmay_fractal_squares_gapless_5
D:5:      layout_rooms, tgw_fedhas, minmay_temple_entry_statues_pillars,
          serial_shops, shop, serial_bayou_pond_e, grunt_ministairs_15,
          st_stairs_12, minmay_shop_mass

Skill      XL: |  1  2  3  4  5  6  7 |
---------------+----------------------+-----
Axes           | 3 4 5 6 7 |  7.8
Fighting       | 4 5 |  5.4
Armour         | 4 5 |  5.6
Shields        | 4 |  4.6
Dodging        | 1 2 |  2.3
Stealth        | |  0.2

Action                     |  1- 3 |  4- 6 |  7- 9 || total
---------------------------+-------+-------+-------++-------
  Melee: War axe           |    76 |   138 |    60 ||   274
         Headbutt          |     4 |    22 |    18 ||    44
  Throw: Dart              |       |       |     2 ||     2
    Use: Scroll            |       |    10 |     1 ||    11
 Armour: Scale mail        |    33 |    55 |       ||    88
         Chain mail        |       |     3 |    18 ||    21
  Dodge: Dodged            |    39 |    63 |    19 ||   121
  Block: Buckler           |    15 |    22 |     9 ||    46

Table legend: (Time is in decaauts)
 A = Elapsed time spent in this place.
 B = Non-inter-level travel time spent in this place.
 C = Inter-level travel time spent in this place.
 D = Time resting spent in this place.
 E = Time spent auto-exploring this place.
 F = Levels seen in this place.
 G = Mean time per level.
                   A        B        C        D        E       F      G
               +--------+--------+--------+--------+--------+-----+--------+
         Total |   3792 |   3698 |     94 |    407 |   2374 |   6 |  632.0 |
       Dungeon |   3393 |   3299 |     94 |    407 |   2129 |   5 |  678.6 |
         Sewer |    398 |    398 |      0 |      0 |    245 |   1 |  398.0 |
               +--------+--------+--------+--------+--------+-----+--------+

Top non-repeatable levels by time:
     D:1: 841 daAuts
     D:2: 725 daAuts
     D:5: 686 daAuts
     D:4: 620 daAuts
     D:3: 520 daAuts
   Sewer: 398 daAuts
